[Event "Saturday Night Engine Tour 7 rd Swiss 12m+1s Starts at 2200hrs"]
[Site "Infinity Chess"]
[Date "2018.4.22"]
[Round "7"]
[White "TasicV"]
[Black "OlivierEvan"]
[Result "1/2-1/2"]
[ECO "B90"]
[WhiteElo "2438"]
[BlackElo "2388"]
[WhiteEngine "stockfish_18041408_x64_modern_CTG"]
[BlackEngine "Houdini 6"]
[EventType "Swiss"]
[WhiteTeam ""]
[BlackTeam ""]
[PlyCount "94"]
[TimeControl "720+1"]

1. e4 c5 2. Nf3 d6 3. d4 cxd4 4. Nxd4 Nf6 5. Nc3 a6 6. Be3 e5 7. Nb3 Be6 
8. f3 h5 9. Qd2 Nbd7 10. Nd5 Bxd5 11. exd5 g6 12. Be2 Bg7 13. Na5 Rb8 14. O-O e4 
15. f4 Ng4 16. Bxg4 hxg4 17. Rab1 f5 18. b4 Qh4 19. g3 Qh7 20. Rb3 g5 
21. Nc4 Ke7 22. fxg5 Rbc8 23. Na5 Ne5 24. h4 gxh3 25. Kh1 Nc4 26. Nxc4 Rxc4 
27. b5 a5 28. Qxa5 Be5 29. Qa7 Rd8 30. Bf4 Qg8 31. Bxe5 dxe5 32. Qxb7+ Rd7 
33. Qb6 Qxd5 34. Qf6+ Ke8 35. Qh8+ Ke7 36. Qxh3 Rxc2 37. Re3 Qd2 38. Ra3 Rc1 
39. Qxf5 Rxf1+ 40. Qxf1 Qxg5 41. Qe1 Qh6+ 42. Kg1 Rd2 43. Ra7+ Ke8 44. Ra8+ Kd7 
45. Ra7+ Ke8 46. Ra8+ Kd7 47. Ra7+ Ke8 1/2-1/2

[Event "Saturday Night Engine Tour 7 rd Swiss 12m+1s Starts at 2200hrs"]
[Site "Infinity Chess"]
[Date "2018.4.22"]
[Round "7"]
[White "incredible"]
[Black "MarioDeMonti"]
[Result "1/2-1/2"]
[ECO "A53"]
[WhiteElo "2397"]
[BlackElo "2482"]
[WhiteEngine "stockfish_18041820_x64_bmi2"]
[BlackEngine "stockfish_x64_bmi2_2018_02_18_CTG"]
[EventType "Swiss"]
[WhiteTeam ""]
[BlackTeam ""]
[PlyCount "118"]
[TimeControl "720+1"]

1. d4 Nf6 2. c4 d6 3. Nf3 g6 4. Nc3 Bg7 5. e4 O-O 6. Be2 e5 7. O-O Nc6 8. d5 Ne7 
9. Ne1 Nd7 10. Nd3 f5 11. Bd2 Nf6 12. f3 f4 13. Be1 g5 14. a4 Ng6 15. a5 h5 
16. a6 bxa6 17. Nb4 g4 18. Nc6 Qd7 19. c5 Nh7 20. Nb4 Rb8 21. Qa4 Qxa4 
22. Nxa4 gxf3 23. Bxf3 Ng5 24. Bxh5 Ne7 25. Nc6 Nxc6 26. dxc6 dxc5 27. Nxc5 Rd8 
28. Bc3 Rb6 29. Rad1 Rxd1 30. Rxd1 Rxc6 31. Rd8+ Kh7 32. Rxc8 Rxc5 33. Be2 Rc6 
34. Ra8 Kg6 35. Rxa7 Kf6 36. Bxa6 Bf8 37. Bb7 Rb6 38. h4 Bc5+ 39. Kh2 Bf2 
40. Ra5 Rxb7 41. hxg5+ Kxg5 42. Rxe5+ Kg4 43. Re6 Bg3+ 44. Kg1 Ra7 45. b3 Ra2 
46. Rc6 Re2 47. Rg6+ Kh5 48. Rc6 Rc2 49. Kf1 Rf2+ 50. Kg1 Rc2 51. Kf1 Kg4 
52. b4 Rf2+ 53. Kg1 Ra2 54. b5 Re2 55. e5 Rc2 56. Ba5 Ra2 57. Bc3 Rc2 
58. Ba5 Ra2 59. Bc3 Rc2 1/2-1/2

[Event "Saturday Night Engine Tour 7 rd Swiss 12m+1s Starts at 2200hrs"]
[Site "Infinity Chess"]
[Date "2018.4.22"]
[Round "7"]
[White "LUCID DREAM"]
[Black "star99"]
[Result "1/2-1/2"]
[ECO "C55"]
[WhiteElo "2451"]
[BlackElo "2489"]
[WhiteEngine "Cfish_x64_180418_NUMA_ELTO_popcnt_CTG"]
[BlackEngine "Cryptic Heroes 9.4B"]
[EventType "Swiss"]
[WhiteTeam ""]
[BlackTeam ""]
[PlyCount "115"]
[TimeControl "720+1"]

1. e4 e5 2. Nf3 Nc6 3. Bc4 Nf6 4. d3 Be7 5. O-O d6 6. a3 O-O 7. Re1 Be6 
8. Bxe6 fxe6 9. c3 d5 10. Qb3 Qd7 11. Be3 a5 12. Nbd2 a4 13. Qc2 Ng4 14. d4 Nxe3 
15. fxe3 Bf6 16. Rac1 b5 17. Rf1 Rf7 18. Rf2 exd4 19. exd4 Na5 20. Rb1 Raf8 
21. Re2 Qc8 22. Rbe1 c5 23. exd5 exd5 24. dxc5 Qxc5+ 25. Kh1 Qc6 26. Re6 Qd7 
27. Qd3 Nc4 28. Nxc4 bxc4 29. Qd1 h6 30. Qe2 Rb8 31. Qd2 Rff8 32. h3 Rb5 
33. Qf2 Rfb8 34. R6e2 Qf5 35. Rf1 Kh7 36. Rd1 R8b7 37. Rdd2 Re7 38. Rxe7 Bxe7 
39. Qe1 Bf6 40. Re2 Rb6 41. Rd2 Re6 42. Qd1 Rb6 43. Qe1 Qe4 44. Re2 Qg6 
45. Rf2 Qd3 46. Rd2 Qe4 47. Re2 Qd3 48. Rd2 Qg6 49. Rf2 Rb3 50. Ne5 Bxe5 
51. Qxe5 Qb1+ 52. Kh2 Rxb2 53. Rxb2 Qxb2 54. Qf5+ Kh8 55. Qc8+ Kh7 56. Qf5+ Kh8 
57. Qf8+ Kh7 58. Qf5+ 1/2-1/2

[Event "Saturday Night Engine Tour 7 rd Swiss 12m+1s Starts at 2200hrs"]
[Site "Infinity Chess"]
[Date "2018.4.22"]
[Round "6"]
[White "BlitzMaster"]
[Black "LUCID DREAM"]
[Result "1/2-1/2"]
[ECO "C55"]
[WhiteElo "2423"]
[BlackElo "2452"]
[WhiteEngine "asmFishW_2018-04-11_popcnt"]
[BlackEngine "Cfish_x64_180418_NUMA_ELTO_popcnt_CTG"]
[EventType "Swiss"]
[WhiteTeam ""]
[BlackTeam ""]
[PlyCount "173"]
[TimeControl "720+1"]

1. e4 e5 2. Nf3 Nc6 3. Bc4 Nf6 4. d3 Bc5 5. c3 d6 6. O-O O-O 7. Bg5 h6 8. Bh4 g5 
9. Bg3 a6 10. a4 Ba7 11. Nbd2 Nh7 12. h3 h5 13. Kh1 Kh8 14. b4 h4 15. Bh2 g4 
16. hxg4 Bxg4 17. b5 Na5 18. Ba2 Qf6 19. d4 Rae8 20. Qb1 Qh6 21. Qd3 f5 
22. exf5 Bxf5 23. Qe3 Qh5 24. Nxe5 Nf6 25. Nf7+ Rxf7 26. Bxf7 Qxf7 27. Qh6+ Kg8 
28. Qxh4 Rf8 29. bxa6 bxa6 30. Rfe1 Qh7 31. Qxh7+ Bxh7 32. Re3 Rf7 33. Rae1 Nd5 
34. Rg3+ Kf8 35. Rg5 Rf5 36. Rxf5+ Bxf5 37. c4 Nb4 38. c5 Nac6 39. cxd6 Nd3 
40. Rf1 cxd6 41. Bxd6+ Kf7 42. Bc5 Nxc5 43. dxc5 Bc2 44. a5 Bxc5 45. Rc1 Nb4 
46. Nc4 Bd4 47. Kh2 Bh7 48. f3 Nd3 49. Rc2 Ke6 50. Nb6 Nc5 51. Rc1 Bd3 
52. Re1+ Kd6 53. f4 Bb5 54. g4 Nd3 55. Rd1 Bc3 56. Na4 Bd4 57. Kg3 Ke6 
58. Nb6 Bc3 59. f5+ Ke5 60. Nc8 Bxa5 61. Na7 Be1+ 62. Kf3 Bc4 63. Nc6+ Kd6 
64. Nd8 Bh4 65. Nf7+ Kc5 66. Ke3 Bxf7 67. Rxd3 Bc4 68. Rd7 a5 69. Ra7 Kb4 
70. Rb7+ Bb5 71. Kf4 a4 72. g5 a3 73. f6 Bf2 74. g6 a2 75. f7 Bc5 76. Ra7 Ba4 
77. Rxa4+ Kxa4 78. g7 a1=Q 79. f8=Q Bxf8 80. g8=Q Bd6+ 81. Kf5 Qb1+ 82. Kf6 Qb2+ 
83. Kg6 Qc2+ 84. Kg7 Be5+ 85. Kh6 Qh2+ 86. Kg6 Qg3+ 87. Kf7 1/2-1/2

[Event "Saturday Night Engine Tour 7 rd Swiss 12m+1s Starts at 2200hrs"]
[Site "Infinity Chess"]
[Date "2018.4.22"]
[Round "6"]
[White "OlivierEvan"]
[Black "TAIPAN54"]
[Result "1/2-1/2"]
[ECO "C26"]
[WhiteElo "2384"]
[BlackElo "2485"]
[WhiteEngine "Houdini 6"]
[BlackEngine "Raubfisch X38b1_CTG"]
[EventType "Swiss"]
[WhiteTeam ""]
[BlackTeam ""]
[PlyCount "112"]
[TimeControl "720+1"]

1. e4 e5 2. Nc3 Nf6 3. g3 Bc5 4. Bg2 Nc6 5. d3 a5 6. Nge2 O-O 7. O-O Nd4 
8. Kh1 d6 9. Nxd4 Bxd4 10. f4 exf4 11. gxf4 d5 12. Nxd5 Nxd5 13. exd5 Bf5 
14. c3 Bb6 15. Qf3 Qd7 16. Be3 Bxd3 17. Rfe1 Bxe3 18. Qxe3 Bf5 19. Qe7 Rfe8 
20. Qxd7 Bxd7 21. Kg1 Kf8 22. Bf1 Re7 23. Kf2 b5 24. Re5 f6 25. Re2 Rxe2+ 
26. Bxe2 Ke7 27. Rg1 g6 28. h4 Rg8 29. Bd3 Kd6 30. h5 Kxd5 31. hxg6 hxg6 
32. Rxg6 Rxg6 33. Bxg6 a4 34. Bd3 Kc5 35. a3 c6 36. Ke3 Kd5 37. Bg6 Kc4 
38. Bf7+ Kc5 39. Bg6 Kd5 40. Kd3 Be6 41. Be4+ Kd6 42. Ke3 f5 43. Bd3 Bd7 
44. Bc2 Be6 45. Bd3 Bc8 46. Kf3 Be6 47. Kg3 Ke7 48. c4 Bxc4 49. Bxc4 bxc4 
50. Kh4 c5 51. Kh5 Kf7 52. Kg5 Ke6 53. Kg6 Kd5 54. Kxf5 Kd4 55. Kg4 c3 
56. bxc3+ Kxc3 1/2-1/2

[Event "Saturday Night Engine Tour 7 rd Swiss 12m+1s Starts at 2200hrs"]
[Site "Infinity Chess"]
[Date "2018.4.22"]
[Round "6"]
[White "koalachess"]
[Black "incredible"]
[Result "1/2-1/2"]
[ECO "C53"]
[WhiteElo "2306"]
[BlackElo "2401"]
[WhiteEngine "asmFishW_2018-04-07_popcnt_CTG"]
[BlackEngine "stockfish_18041820_x64_bmi2"]
[EventType "Swiss"]
[WhiteTeam ""]
[BlackTeam ""]
[PlyCount "95"]
[TimeControl "720+1"]

1. e4 e5 2. Nf3 Nc6 3. Bc4 Bc5 4. c3 Nf6 5. d4 exd4 6. cxd4 Bb4+ 7. Bd2 Bxd2+ 
8. Nbxd2 d5 9. exd5 Nxd5 10. O-O O-O 11. Rc1 Re8 12. Re1 Rxe1+ 13. Qxe1 Nce7 
14. Ne4 Bf5 15. Ng3 Bd7 16. Ne4 h6 17. Ne5 Be8 18. Nf3 Nb6 19. Bb3 Bc6 
20. Ne5 Bd5 21. Bc2 Nf5 22. Rd1 Nd6 23. Nc3 Be6 24. a4 Nd5 25. Ne4 b6 26. b4 Qe8 
27. Rc1 Nf5 28. Qd2 f6 29. Nf3 Nfe7 30. Ng3 Qd7 31. h3 Kf8 32. Nh4 Qd6 
33. Bf5 a6 34. Bxe6 Qxe6 35. a5 Kf7 36. Ra1 Kf8 37. Nh5 Qc6 38. Rc1 Qb5 
39. Nf4 Qxb4 40. Qxb4 Nxb4 41. Rxc7 bxa5 42. Nhg6+ Nxg6 43. Ne6+ Ke8 
44. Nxg7+ Kf8 45. Ne6+ Ke8 46. Ng7+ Kf8 47. Ne6+ Ke8 48. Ng7+ 1/2-1/2

[Event "Saturday Night Engine Tour 7 rd Swiss 12m+1s Starts at 2200hrs"]
[Site "Infinity Chess"]
[Date "2018.4.22"]
[Round "6"]
[White "MarioDeMonti"]
[Black "SkyPilot"]
[Result "1/2-1/2"]
[ECO "C55"]
[WhiteElo "2483"]
[BlackElo "2446"]
[WhiteEngine "stockfish_x64_bmi2_2018_02_18_CTG"]
[BlackEngine "stockfish_x64_bmi2_2018_04_07_CTG"]
[EventType "Swiss"]
[WhiteTeam ""]
[BlackTeam ""]
[PlyCount "51"]
[TimeControl "720+1"]

1. e4 e5 2. Nf3 Nc6 3. Bc4 Nf6 4. d3 Bc5 5. c3 d6 6. O-O O-O 7. Bg5 h6 8. Bh4 a6 
9. Nbd2 Ba7 10. Bb3 Na5 11. Ba4 g5 12. Bg3 Nh5 13. b4 Nxg3 14. hxg3 b5 
15. Bc2 Nc6 16. a4 Bd7 17. Bb3 Bb6 18. axb5 axb5 19. Rxa8 Qxa8 20. Nxg5 hxg5 
21. Qh5 Kg7 22. Qxg5+ Kh7 23. Qh5+ Kg7 24. Qg5+ Kh7 25. Qh5+ Kg7 26. Qg5+ 
1/2-1/2

[Event "Saturday Night Engine Tour 7 rd Swiss 12m+1s Starts at 2200hrs"]
[Site "Infinity Chess"]
[Date "2018.4.22"]
[Round "6"]
[White "star99"]
[Black "Vimtiroba"]
[Result "1/2-1/2"]
[ECO "D31"]
[WhiteElo "2491"]
[BlackElo "2435"]
[WhiteEngine "Cryptic Heroes 9.4B"]
[BlackEngine "AsmFish A12_CTG"]
[EventType "Swiss"]
[WhiteTeam ""]
[BlackTeam ""]
[PlyCount "254"]
[TimeControl "720+1"]

1. d4 d5 2. c4 e6 3. Nc3 c6 4. Nf3 Nf6 5. Bg5 h6 6. Bxf6 Qxf6 7. e3 Nd7 
8. Bd3 dxc4 9. Bxc4 g6 10. Qc2 Qe7 11. O-O Bg7 12. a4 a5 13. e4 O-O 14. b3 e5 
15. d5 Kh7 16. h3 Nb6 17. Rfd1 Qb4 18. Nd2 h5 19. dxc6 bxc6 20. Na2 Qc5 
21. Nc1 Nxc4 22. Nxc4 f5 23. Nd3 Qe7 24. Nd2 fxe4 25. Nxe4 Bf5 26. Ndc5 Rad8 
27. Rxd8 Rxd8 28. b4 axb4 29. a5 Bf8 30. Qe2 Kg7 31. a6 Rb8 32. Qe3 Ra8 
33. Rc1 Qf7 34. Rd1 Qe7 35. Qe2 Kh8 36. g4 Bxe4 37. Nxe4 b3 38. gxh5 gxh5 
39. Rd3 Rxa6 40. Rxb3 Qf7 41. Rb8 Ra1+ 42. Kg2 Kg7 43. Qb2 Ra5 44. Rb7 Be7 
45. Qc3 Rb5 46. Rc7 Rd5 47. Ng5 Bxg5 48. Rxf7+ Kxf7 49. Qxc6 Rd4 50. Qc2 h4 
51. Qc6 Be7 52. Qb7 Kf6 53. Qf3+ Kg6 54. Qb3 Kf6 55. Qf3+ Rf4 56. Qc6+ Kf5 
57. Kf1 Bb4 58. f3 Rd4 59. Kf2 Bd6 60. Qd7+ Kf6 61. Ke3 Bb4 62. Qc6+ Kf5 
63. Qc8+ Kf6 64. Qh8+ Kf5 65. Ke2 Ke6 66. Qe8+ Kf6 67. Ke3 Be1 68. Qc6+ Ke7 
69. Qc7+ Ke6 70. Qc6+ Ke7 71. Qc5+ Kf6 72. Qb5 Bg3 73. Qe8 Bf4+ 74. Kf2 Rd2+ 
75. Ke1 Rd4 76. Kf2 Rd2+ 77. Ke1 Rd4 78. Qf8+ Ke6 79. Qc5 Bg3+ 80. Ke2 Kf7 
81. Qc8 Ke7 82. Qf5 Kd6 83. Qf8+ Kc6 84. Qe7 Kb5 85. f4 Re4+ 86. Kf3 Rxf4+ 
87. Ke3 Rd4 88. Qc7 Bf4+ 89. Ke2 Bg3 90. Qc1 Re4+ 91. Kf3 Rc4 92. Qb1+ Kc5 
93. Qa1 Rf4+ 94. Ke3 Rd4 95. Qb1 Bf4+ 96. Ke2 Bg3 97. Qb7 Kc4 98. Qb1 Kc5 
99. Qa1 Re4+ 100. Kf3 Rd4 101. Qb1 Kc4 102. Kg2 Rd2+ 103. Kf1 Rh2 104. Qe4+ Kc3 
105. Qg4 Rf2+ 106. Kg1 Rf4 107. Qd1 Rf2 108. Qa1+ Kd3 109. Qb1+ Kd2 110. Qa1 Ke2 
111. Qa2+ Ke3 112. Qb1 Kd4 113. Qa1+ Kd5 114. Qc3 Ke4 115. Qa1 Kf3 116. Qb1 e4 
117. Kh1 Rh2+ 118. Kg1 e3 119. Qf5+ Ke2 120. Qc2+ Kf3 121. Qd3 Kf4 122. Qc4+ Ke5 
123. Qc3+ Kd5 124. Qxe3 Bf2+ 125. Kxh2 Bxe3 126. Kh1 Ke4 127. Kh2 Bd2 1/2-1/2

[Event "Saturday Night Engine Tour 7 rd Swiss 12m+1s Starts at 2200hrs"]
[Site "Infinity Chess"]
[Date "2018.4.21"]
[Round "5"]
[White "SkyPilot"]
[Black "BlitzMaster"]
[Result "1-0 "]
[ECO "C55"]
[WhiteElo "2430"]
[BlackElo "2439"]
[WhiteEngine "stockfish_x64_bmi2_2018_04_07_CTG"]
[BlackEngine "asmFishW_2018-04-11_popcnt"]
[EventType "Swiss"]
[WhiteTeam ""]
[BlackTeam ""]
[PlyCount "170"]
[TimeControl "720+1"]

1. e4 e5 2. Nf3 Nc6 3. Bc4 Nf6 4. d3 Bc5 5. c3 d6 6. O-O a5 7. Re1 Ba7 
8. Nbd2 O-O 9. h3 h6 10. Nf1 Be6 11. Bb5 Ne7 12. Ng3 c6 13. Ba4 b5 14. Bc2 a4 
15. d4 Ng6 16. b3 axb3 17. axb3 Qc7 18. Be3 Bb6 19. Qd2 Rfb8 20. Nf5 Rxa1 
21. Rxa1 Bxf5 22. exf5 Nf8 23. Bxh6 gxh6 24. Qxh6 Qe7 25. Qg5+ Kh8 26. Qh4+ Kg8 
27. Re1 Bc7 28. Qg5+ Kh8 29. Qh6+ N8h7 30. Ng5 Qf8 31. Qh4 Qg8 32. Nxh7 Nxh7 
33. f6 Bd8 34. dxe5 dxe5 35. Qh6 Ra8 36. Re2 Ra7 37. Kh2 Bxf6 38. Bxh7 Qg5 
39. Qxg5 Bxg5 40. Be4 Ra3 41. Rb2 c5 42. Kg3 Bd8 43. Kg4 Ba5 44. b4 cxb4 
45. cxb4 Bb6 46. f3 Bd4 47. Rc2 Kg7 48. h4 Rc3 49. Ra2 Rc8 50. h5 Rh8 
51. Rc2 Be3 52. Rc7 Kf6 53. Bd5 Rg8+ 54. Kh3 Rf8 55. Rb7 Bd2 56. Rxb5 Kg5 
57. Be4 Kxh5 58. Rxe5+ Kh6 59. b5 Be3 60. g4 Kg7 61. g5 f5 62. Rxf5 Rxf5 
63. Bxf5 Bxg5 64. Kg4 Bc1 65. Bc8 Ba3 66. Kf5 Kf7 67. f4 Bb2 68. Ke4 Bc3 
69. Kd5 Bd2 70. Be6+ Ke7 71. f5 Ba5 72. Kc6 Bc3 73. b6 Kd8 74. Kb5 Ba1 
75. Ka6 Be5 76. Ka7 Bd4 77. Kb7 Bg1 78. f6 Bc5 79. f7 Ke7 80. Bc4 Bf2 
81. Kc7 Be1 82. b7 Bg3+ 83. Kc8 Bf4 84. b8=Q Bxb8 85. Kxb8 Kf8 1-0

[Event "Saturday Night Engine Tour 7 rd Swiss 12m+1s Starts at 2200hrs"]
[Site "Infinity Chess"]
[Date "2018.4.21"]
[Round "5"]
[White "LUCID DREAM"]
[Black "OlivierEvan"]
[Result "1/2-1/2"]
[ECO "C50"]
[WhiteElo "2455"]
[BlackElo "2381"]
[WhiteEngine "Cfish_x64_180418_NUMA_ELTO_popcnt_CTG"]
[BlackEngine "Houdini 6"]
[EventType "Swiss"]
[WhiteTeam ""]
[BlackTeam ""]
[PlyCount "104"]
[TimeControl "720+1"]

1. e4 e5 2. Nf3 Nc6 3. Bc4 Bc5 4. O-O Nf6 5. d3 d6 6. c3 O-O 7. Nbd2 a5 
8. Re1 h6 9. Nf1 a4 10. h3 Ra5 11. Ng3 b5 12. b4 axb3 13. Bxb3 Be6 14. Rb1 Bb6 
15. d4 Bxb3 16. axb3 Re8 17. Be3 Ra2 18. Rc1 Qa8 19. Nh4 Ne7 20. Qf3 Ng6 
21. Nhf5 Qd8 22. Ra1 Rxa1 23. Rxa1 d5 24. exd5 Qxd5 25. Qxd5 Nxd5 26. Nh5 Rb8 
27. Bd2 Rd8 28. Nhxg7 exd4 29. cxd4 Ndf4 30. Be3 Ne2+ 31. Kf1 Nxd4 32. Bxd4 Bxd4 
33. Rd1 c5 34. Nh5 Kf8 35. Nxh6 Ne7 36. Ng3 Rd5 37. Ne2 f5 38. Nxd4 cxd4 
39. g4 fxg4 40. hxg4 b4 41. Rd2 Kg7 42. Re2 Kf6 43. Ke1 Ng6 44. Re4 Kg5 
45. Nf7+ Kf6 46. Nh6 Kg5 47. Nf5 Re5 48. f3 Rxe4+ 49. fxe4 Kxg4 50. Nxd4 Ne5 
51. Nc2 Kf4 52. Nxb4 Kxe4 1/2-1/2

[Event "Saturday Night Engine Tour 7 rd Swiss 12m+1s Starts at 2200hrs"]
[Site "Infinity Chess"]
[Date "2018.4.21"]
[Round "5"]
[White "incredible"]
[Black "TAIPAN54"]
[Result "1/2-1/2"]
[ECO "D44"]
[WhiteElo "2397"]
[BlackElo "2489"]
[WhiteEngine "stockfish_18041820_x64_bmi2"]
[BlackEngine "Raubfisch X38b1_CTG"]
[EventType "Swiss"]
[WhiteTeam ""]
[BlackTeam ""]
[PlyCount "64"]
[TimeControl "720+1"]

1. d4 d5 2. c4 e6 3. Nc3 Nf6 4. Nf3 c6 5. Bg5 h6 6. Bh4 dxc4 7. e4 g5 8. Bg3 b5 
9. Be2 Bb7 10. h4 g4 11. Ne5 Nbd7 12. Nxd7 Qxd7 13. Be5 Qe7 14. O-O Rg8 
15. b3 Bg7 16. Qc2 Nh5 17. Bxg7 Rxg7 18. g3 Qd6 19. e5 Qxd4 20. Ne4 Qxe5 
21. Rad1 Kf8 22. Rfe1 c5 23. Bxc4 bxc4 24. Nd6 Qf6 25. Nxb7 Qf3 26. Qd2 Qxb7 
27. Qxh6 Nxg3 28. fxg3 cxb3 29. Qh8+ Rg8 30. Qh6+ Rg7 31. Qh8+ Rg8 32. Qh6+ Rg7 
1/2-1/2

[Event "Saturday Night Engine Tour 7 rd Swiss 12m+1s Starts at 2200hrs"]
[Site "Infinity Chess"]
[Date "2018.4.21"]
[Round "5"]
[White "koalachess"]
[Black "Dovahkiin"]
[Result "1/2-1/2"]
[ECO "C53"]
[WhiteElo "2302"]
[BlackElo "2401"]
[WhiteEngine "asmFishW_2018-04-07_popcnt_CTG"]
[BlackEngine "BrainFish_180418_x64_modern_CTG"]
[EventType "Swiss"]
[WhiteTeam ""]
[BlackTeam ""]
[PlyCount "111"]
[TimeControl "720+1"]

1. e4 e5 2. Nf3 Nc6 3. Bc4 Bc5 4. c3 Nf6 5. d4 exd4 6. cxd4 Bb4+ 7. Bd2 Bxd2+ 
8. Nbxd2 d5 9. exd5 Nxd5 10. O-O O-O 11. Rc1 Nb6 12. Bb3 a5 13. a4 Nd5 
14. Re1 Be6 15. Ne4 Bg4 16. Rc5 Bxf3 17. Qxf3 Nxd4 18. Qg3 Nb4 19. Rg5 Kh8 
20. Rxg7 Nf5 21. Rxh7+ Kxh7 22. Qf4 Nh6 23. Rd1 Nd3 24. Qf3 Qe7 25. Rxd3 Rae8 
26. Bc2 f5 27. Ng3 Qg5 28. Rd7+ Re7 29. Rd1 Rfe8 30. Qc3 b6 31. h3 Kg8 
32. Bb3+ Kh7 33. Bc4 Re5 34. b3 Qe7 35. Bf1 f4 36. Qc6 Rd8 37. Rxd8 Qxd8 
38. Ne2 Rf5 39. Qe4 Qd5 40. Qc2 Qc5 41. Qd3 Kh8 42. Nd4 Re5 43. Nf3 Re7 
44. Qd2 Qd6 45. Qc3+ Rg7 46. Nh4 Kg8 47. Bd3 Kf8 48. Kh2 Rg8 49. Kh1 Nf7 
50. Qc4 Qf6 51. Nf3 c5 52. Qe4 Kg7 53. Qh7+ Kf8 54. Qe4 Kg7 55. Qh7+ Kf8 56. Qe4 
1/2-1/2

[Event "Saturday Night Engine Tour 7 rd Swiss 12m+1s Starts at 2200hrs"]
[Site "Infinity Chess"]
[Date "2018.4.21"]
[Round "5"]
[White "Vimtiroba"]
[Black "MarioDeMonti"]
[Result "1/2-1/2"]
[ECO "E60"]
[WhiteElo "2433"]
[BlackElo "2485"]
[WhiteEngine "AsmFish A12_CTG"]
[BlackEngine "stockfish_x64_bmi2_2018_02_18_CTG"]
[EventType "Swiss"]
[WhiteTeam ""]
[BlackTeam ""]
[PlyCount "178"]
[TimeControl "720+1"]

1. d4 Nf6 2. c4 g6 3. Nf3 d6 4. Nc3 Bg7 5. g3 c6 6. Bg2 Nbd7 7. O-O O-O 8. e4 e5 
9. b3 a6 10. Qc2 Re8 11. dxe5 dxe5 12. Be3 b5 13. Rab1 Qc7 14. Rfd1 Ng4 
15. Bg5 h6 16. Bc1 Bf8 17. h3 Ngf6 18. Be3 Bb7 19. Nd2 b4 20. Na4 c5 21. Nf1 Bc6 
22. Nb2 a5 23. f3 Nh5 24. h4 a4 25. Qd2 Kh7 26. Bh3 Ndf6 27. Qc2 axb3 
28. axb3 Ra2 29. Bf2 Rea8 30. Rd2 Bd7 31. Bxd7 Nxd7 32. Ne3 Ng7 33. Ng4 R8a6 
34. Qd1 Rd6 35. Nd3 Rxd2 36. Qxd2 Ne6 37. Ne3 Ra6 38. Nd5 Qd8 39. Be3 Qa8 
40. h5 g5 41. Kg2 Ra2 42. Rb2 Ra1 43. Nc1 Nd4 44. Bxd4 exd4 45. Ra2 Rxa2 
46. Nxa2 Kg8 47. Nc1 Qa1 48. Qc2 Ne5 49. f4 Ng4 50. e5 Kh8 51. fxg5 hxg5 
52. Qe2 Qxc1 53. Qxg4 Qe1 54. Qxg5 Bg7 55. Qg4 Qxe5 56. Qf3 Kg8 57. Nf4 Qg5 
58. g4 Be5 59. Nd3 Qd2+ 60. Kf1 Bd6 61. Qa8+ Kg7 62. Qf3 Kf8 63. Qe2 Qg5 
64. Qf3 Qd2 65. Qa8+ Ke7 66. Qe4+ Kf8 67. Qe2 Qh6 68. Qe4 Kg7 69. Qf5 Qf6 
70. Qxf6+ Kxf6 71. Kf2 Kg5 72. Kf3 f5 73. gxf5 Kxf5 74. Nf2 Bb8 75. h6 Kg6 
76. Ke4 Bd6 77. Ng4 Bg3 78. Kd3 Bd6 79. Ke4 Be7 80. Kd3 Bh4 81. Kd2 Bg3 
82. Kd3 Bf4 83. h7 Kg7 84. Ke4 Bd6 85. Nf6 Be7 86. Nd5 Bf8 87. h8=Q+ Kxh8 
88. Nxb4 cxb4 89. Kxd4 Kg7 1/2-1/2

[Event "Saturday Night Engine Tour 7 rd Swiss 12m+1s Starts at 2200hrs"]
[Site "Infinity Chess"]
[Date "2018.4.21"]
[Round "5"]
[White "star99"]
[Black "TasicV"]
[Result "1/2-1/2"]
[ECO "C65"]
[WhiteElo "2494"]
[BlackElo "2420"]
[WhiteEngine "Cryptic Heroes 9.4B"]
[BlackEngine "stockfish_18041408_x64_modern_CTG"]
[EventType "Swiss"]
[WhiteTeam ""]
[BlackTeam ""]
[PlyCount "161"]
[TimeControl "720+1"]

1. e4 e5 2. Nf3 Nc6 3. Bb5 Nf6 4. d3 Bc5 5. Bxc6 dxc6 6. O-O Nd7 7. Nbd2 O-O 
8. Nc4 Re8 9. h3 a5 10. Bd2 a4 11. b4 Ba7 12. a3 b5 13. Na5 Nb8 14. Qe2 Bb6 
15. Rfc1 Ba6 16. c4 Bxa5 17. bxa5 bxc4 18. dxc4 c5 19. Qd1 Bb7 20. Qc2 f6 
21. Bc3 Nc6 22. Rab1 Bc8 23. Qxa4 Bd7 24. Qc2 Qe7 25. Rd1 Be6 26. Qa4 Bd7 
27. Rd3 Nd4 28. Qd1 Qf7 29. Nd2 f5 30. Re3 f4 31. Re1 Re6 32. Nf3 Qe8 33. Rb2 h6 
34. Kh2 Bc6 35. Qd3 Kh7 36. Reb1 Rd6 37. Re1 g5 38. Nxd4 cxd4 39. Bb4 Rg6 
40. Rh1 h5 41. f3 Rh6 42. Kg1 Qe6 43. Be1 Kg7 44. Rh2 Rf8 45. Rb3 Rg6 
46. Qe2 Qf7 47. Rb2 Bd7 48. Qc2 Rc6 49. c5 Be6 50. Rh1 Rh8 51. Bd2 Bc4 
52. Qa4 Rxc5 53. Kf2 Bd3 54. Qb3 Qxb3 55. Rxb3 Ba6 56. Rb2 Kf6 57. Rhb1 g4 
58. hxg4 hxg4 59. fxg4 Rc4 60. Rg1 d3 61. Kf3 Kg5 62. g3 Rh3 63. Rg2 Bc8 
64. Rb8 Bxg4+ 65. Kf2 Rc2 66. gxf4+ Kf6 67. fxe5+ Kxe5 68. Kg1 Bf3 69. a6 Bxg2 
70. Kxg2 Rh6 71. a7 Rxd2+ 72. Kf3 Ra6 73. a8=Q Rxa8 74. Rxa8 Kd4 75. Rd8+ Kc3 
76. Rc8 Rd1 77. Rxc7+ Kd4 78. Rd7+ Kc3 79. Rc7+ Kd4 80. Rd7+ Kc3 81. Rc7+ 
1/2-1/2

[Event "Saturday Night Engine Tour 7 rd Swiss 12m+1s Starts at 2200hrs"]
[Site "Infinity Chess"]
[Date "2018.4.21"]
[Round "4"]
[White "LUCID DREAM"]
[Black "SkyPilot"]
[Result "1/2-1/2"]
[ECO "C55"]
[WhiteElo "2456"]
[BlackElo "2429"]
[WhiteEngine "Cfish_x64_180418_NUMA_ELTO_popcnt_CTG"]
[BlackEngine "stockfish_x64_bmi2_2018_04_07_CTG"]
[EventType "Swiss"]
[WhiteTeam ""]
[BlackTeam ""]
[PlyCount "117"]
[TimeControl "720+1"]

1. e4 e5 2. Nf3 Nc6 3. Bc4 Nf6 4. d3 Bc5 5. c3 d6 6. O-O O-O 7. Nbd2 a5 
8. Re1 Ba7 9. Nf1 Be6 10. Bb5 Ne7 11. d4 exd4 12. Nxd4 Ng6 13. Ba4 h6 
14. Nxe6 fxe6 15. Be3 Bxe3 16. Nxe3 Kh8 17. f3 Nh5 18. g3 Qg5 19. Ng4 b5 
20. Bc2 Rad8 21. Qc1 Nf6 22. Qxg5 hxg5 23. Nf2 Ne5 24. Bd1 Rb8 25. Nh3 Nd3 
26. Re3 Nxb2 27. Nxg5 Nxd1 28. Rxd1 e5 29. f4 Rb6 30. fxe5 dxe5 31. a4 bxa4 
32. Ra1 Ra8 33. Re2 a3 34. Rxa3 Kg8 35. Rd2 Rd6 36. Rb2 Nd7 37. h4 Rda6 
38. Rf2 Nb6 39. Rf7 R6a7 40. Re7 a4 41. Ne6 c6 42. Nc7 Rb8 43. Nd5 Nd7 
44. Nb4 Rb6 45. Ra1 Kf8 46. Re6 a3 47. Kf2 Kf7 48. Rd6 Ke8 49. Re6+ Kf7 
50. Rd6 Nf6 51. Ke3 Ng4+ 52. Kf3 Nh2+ 53. Ke2 Ng4 54. Nxc6 Rb2+ 55. Kf3 Nh2+ 
56. Ke3 Ng4+ 57. Kf3 Nh2+ 58. Ke3 Ng4+ 59. Kf3 1/2-1/2

[Event "Saturday Night Engine Tour 7 rd Swiss 12m+1s Starts at 2200hrs"]
[Site "Infinity Chess"]
[Date "2018.4.21"]
[Round "4"]
[White "TAIPAN54"]
[Black "koalachess"]
[Result "1/2-1/2"]
[ECO "E10"]
[WhiteElo "2497"]
[BlackElo "2294"]
[WhiteEngine "Raubfisch X38b1_CTG"]
[BlackEngine "asmFishW_2018-04-07_popcnt_CTG"]
[EventType "Swiss"]
[WhiteTeam ""]
[BlackTeam ""]
[PlyCount "153"]
[TimeControl "720+1"]

1. d4 Nf6 2. c4 e6 3. Nf3 d5 4. Nc3 c6 5. e3 Nbd7 6. Qc2 Bd6 7. Bd3 O-O 
8. O-O dxc4 9. Bxc4 b5 10. Be2 Bb7 11. Bd2 Qb8 12. Rac1 Re8 13. h3 a6 
14. Ne4 Nxe4 15. Qxe4 c5 16. Qb1 c4 17. b3 cxb3 18. axb3 Nf6 19. Ba5 Bd5 
20. Nd2 Qb7 21. Bf3 Bxf3 22. Nxf3 Rec8 23. Rfd1 h6 24. Qb2 Nd5 25. Rxc8+ Rxc8 
26. Ra1 f5 27. Bd2 Rc6 28. Qb1 Qc8 29. Qe1 Nf6 30. Qd1 Kh7 31. Kf1 Bc7 
32. Be1 Ne4 33. Nd2 Nc3 34. Qc2 Bd6 35. Nf3 Nd5 36. Qd1 Nf6 37. Ke2 Bb8 
38. Kf1 Bd6 39. Qd3 Rc7 40. Qd1 Ne4 41. Nh4 Nf6 42. Nf3 Nd5 43. Ba5 Rc6 
44. Be1 Nc3 45. Qc2 Ne4 46. Qd1 Rc2 47. Nd2 Nxd2+ 48. Bxd2 Be7 49. Be1 a5 
50. Rxa5 Rc1 51. Qd2 Rb1 52. Ra7 Bd6 53. Ra2 Qc6 54. d5 Qxd5 55. Qxd5 exd5 
56. Ke2 Rxb3 57. Rd2 Bb4 58. Rxd5 Rb2+ 59. Bd2 Kg6 60. Kd1 Bxd2 61. Rxd2 Rb1+ 
62. Kc2 Rg1 63. f3 Kg5 64. Kc3 b4+ 65. Kxb4 Re1 66. Rd7 g6 67. Rd3 Rg1 
68. g4 Rg3 69. gxf5 gxf5 70. f4+ Kh4 71. Kc4 h5 72. Kd4 Kxh3 73. e4 fxe4 
74. Rxg3+ Kxg3 75. f5 h4 76. f6 h3 77. f7 1/2-1/2